 Dungeon Crawl Stone Soup version 0.19-a0-1111-gcceb26a (webtiles) character file.

31 ImbarsBidbib the Grave Robber (level 3, -7/24 HPs)
             Began as a Demonspawn Necromancer on Aug 10, 2016.
             Mangled by Terence
             ... wielding a +4 flail of holy wrath
              (10 damage)
             ... on level 2 of the Dungeon.
             The game lasted 00:03:37 (2026 turns).

ImbarsBidbib the Grave Robber (DsNe)                Turns: 2026, Time: 00:03:37

Health: -7/24      AC:  2    Str:  8    XL:     3   Next: 7%
Magic:  6/6        EV: 12    Int: 17    God:
Gold:   25         SH:  0    Dex: 13    Spells: 2 memorised, 4 levels left

rFire  . . .     SeeInvis .     f - +0 short sword
rCold  . . .     Gourm    .     a - +0 robe
rNeg   . . .     Faith    .     (no shield)
rPois  .         Spirit   .     (no helmet)
rElec  .         Dismiss  .     (no cloak)
rCorr  .         Reflect  .     (no gloves)
SustAt .         Harm     .     (no boots)
MR     .....                    (no amulet)
Stlth  ++........               (no ring)
                                (no ring)

@: starving
A: talons 1, rot immunity
a: no special abilities


You were on level 2 of the Dungeon.
You were starving.

You visited 1 branch of the dungeon, and saw 2 of its levels.

You collected 25 gold pieces.

Inventory:

Hand Weapons
 f - a +0 short sword (weapon)
Armour
 a - a +0 robe (worn)
Scrolls
 e - 2 scrolls of immolation {unknown}
 i - 2 scrolls of identify {unknown}
 j - a scroll of remove curse {unknown}
 m - a scroll of enchant weapon {unknown}
Potions
 d - a potion of curing
 h - a potion of cancellation {unknown}
 n - a potion of flight {unknown}
Books
 b - a book of Necromancy

   Spells                             Type                      Level
   a - Pain                           Necromancy                   1
   b - Animate Skeleton               Necromancy                   1
   c - Vampiric Draining              Necromancy                   3
   d - Regeneration                   Charms/Necromancy            3
   e - Animate Dead                   Necromancy                   4
   f - Control Undead                 Necromancy                   4
Comestibles
 c - a bread ration
 k - a meat ration
 l - a beef jerky


   Skills:
 - Level 1.7 Dodging
 - Level 1.7 Stealth
 - Level 2.0 Spellcasting
 + Level 5.5 Necromancy


You had 4 spell levels left.
You knew the following spells:

 Your Spells              Type           Power        Failure   Level  Hunger
a - Pain                  Necr           ###.         1%          1    #......
b - Animate Skeleton      Necr           N/A          1%          1    #......


Dungeon Overview and Level Annotations

Branches:
Dungeon (2/15)

Altars:

Annotations:
D:1 exclusion: downstairs
D:2 Terence


Innate Abilities, Weirdness & Mutations

You have sharp toenails.
You are immune to rotting.


Message History

You hear a grinding noise.
Terence zaps a wand.
Some rock shatters into small pieces.
There is a stone staircase leading up here.
You climb upwards.
Level annotation: exclusion: downstairs
There is a stone staircase leading down here.
You start resting.
Your magical contamination has completely faded away.
You start resting.
Magic restored.
You start resting.
You are starving!
You're too hungry to rest.
Okay, then.
You climb downwards.
Level annotation: Terence Terence hits you with a flail of holy wrath!
* * * LOW HITPOINT WARNING * * *
You convulse!
You die...

# ##. ###### #..
..... #.# #..#
###### #.###...#
#.##... #.##...#.#
#.....^
#.##.#..#.##.?...<
#@.......##.(....†
#@###.###..........
#. ...# ###.#......
#..#### .###.....
... .# ##.... ...
.. ..... ... g.
#.##.# #.. ... .#
#..


You could see Terence.

Vanquished Creatures
  A dart slug (D:1)
  2 giant geckos (D:1)
  A giant cockroach (D:1)
  A hobgoblin (D:1)
  3 jackals (D:1)
  A quokka (D:2)
  5 bats
  5 goblins (D:1)
  3 kobolds (D:1)
  3 rats (D:1)
25 creatures vanquished.

Notes
Turn   | Place    | Note
-------+----------+-------------------------------------------
     0 | D:1      | ImbarsBidbib the Demonspawn Necromancer began the quest for the Orb.
     0 | D:1      | Reached XP level 1. HP: 13/13 MP: 3/3
   174 | D:1      | Learned a level 1 spell: Animate Skeleton
   694 | D:1      | Reached skill level 5 in Necromancy
   694 | D:1      | Gained mutation: You are immune to rotting. [demonic ancestry]
   694 | D:1      | Reached XP level 2. HP: 19/19 MP: 5/5
  1834 | D:2      | Noticed Terence
  1835 | D:2      | Gained mutation: You have sharp toenails. [demonic ancestry]
  1835 | D:2      | Reached XP level 3. HP: 24/24 MP: 6/6
  1880 | D:2      | HP: 1/24 [Terence/flail of holy wrath (8)]
  2026 | D:2      | Mangled by Terence

Vault maps used:
D:1:      dpeg_arrival_pits, kennysheep_boxes
D:2:      uniq_sigmund, uniq_terence

Skill      XL: |  1 |
---------------+----+-----
Necromancy     | 5 |  5.5
Dodging        | |  1.7
Stealth        | |  1.7
Spellcasting   | |  2.0

Action                   || total
-------------------------++-------
Melee: Short sword       ||    44
       Unarmed           ||     2
 Cast: Pain              ||    34
       Animate Skeleton  ||     7
 Stab: Sleeping          ||     3
  Eat: Chunk             ||     2
Armor: Robe              ||    11
Dodge: Dodged            ||    32
